 Dungeon Crawl Stone Soup version 0.26-a0-660-gc07710193c (webtiles) character file.

Game seed: 939924082922254063

2753 droidtality the Cleaver (level 9, -2/70 HPs)
             Began as a Ghoul Fighter on Oct 8, 2020.
             Was an Initiate of Gozag.
             Slain by Joseph
             ... wielding a +0 quarterstaff
              (33 damage)
             ... on level 7 of the Dungeon.
             The game lasted 00:07:14 (6381 turns).

droidtality the Cleaver (Ghoul Fighter)             Turns: 6381, Time: 00:07:14

Health: -2/70      AC: 10    Str: 29    XL:     9   Next: 68%
Magic:  8/8        EV:  7    Int:  3    God:    Gozag
Gold:   562        SH: 10    Dex: 17    Spells: 8/8 levels left

rFire    + + .     SeeInvis .   a - +1 war axe
rCold    . . .     Faith    .   c - +0 kite shield
rNeg     + + +     Spirit   .   h - +0 fire dragon scales
rPois    ∞         Reflect  .   (no helmet)
rElec    .         Harm     +   B - scarf {harm}
rCorr    .         Rampage  .   m - +0 pair of gloves {Dex+3}
MR       .....                  (no boots)
Stlth    ..........             (no amulet)
HPRegen  0.00/turn              C - +6 ring of dexterity
MPRegen  0.11/turn              D - +6 ring of strength

@: gold aura
A: rotting body, claws 1, cold resistance 1, negative energy resistance 3,
inhibited regeneration, torment resistance, unbreathing
a: Potion Petition, Call Merchant, Bribe Branch, Renounce Religion


You were on level 7 of the Dungeon.
You worshipped Gozag.
Gozag was pleased with you.
You visited 1 branch of the dungeon, and saw 7 of its levels.

You collected 654 gold pieces.
You paid 92 gold pieces to Gozag.

Inventory:

Hand Weapons
 a - a +1 war axe (weapon)
Armour
 c - a +0 kite shield (worn)
 h - +0 fire dragon scales (worn)
 m - a +0 pair of gloves of dexterity (worn)
 p - a +0 cloak
 B - a scarf of harm (worn)
Jewellery
 g - an uncursed ring of protection from fire
 C - a +6 ring of dexterity (left hand)
 D - a +6 ring of strength (right hand)
Wands
 A - a wand of iceblast (12)
Scrolls
 l - 2 scrolls of enchant armour
 n - 8 scrolls of teleportation
 o - a scroll of fear
 q - 2 scrolls of enchant weapon
 r - a scroll of blinking {unknown}
 t - 3 scrolls of remove curse
 x - 2 scrolls of fog
 y - a scroll of immolation {unknown}
Potions
 b - 2 potions of mutation {unknown}
 d - a potion of might
 e - 2 potions of curing {unknown}
 f - 2 potions of heal wounds
 i - 3 potions of resistance
 j - 3 potions of brilliance {unknown}
 k - a potion of stabbing {unknown}
 s - a potion of invisibility {unknown}
 v - 2 potions of degeneration {unknown}
 z - a potion of lignification {unknown}


   Skills:
 - Level 3.2 Fighting
 + Level 11.8 Axes
 - Level 2.6 Armour
 - Level 2.6 Shields


You had 8 spell levels left.
You didn't know any spells.
Your spell library contained the following spells:

 Spells                   Type           Power        Failure   Level
 Beastly Appendage        Tmut           Unusable     N/A         1
 Wereblood                Tmut           Unusable     N/A         2
 Spider Form              Tmut/Pois      Unusable     N/A         3
 Ice Form                 Ice/Tmut       Unusable     N/A         4
 Blade Hands              Tmut           Unusable     N/A         5

Dungeon Overview and Level Annotations

Branches:
Dungeon (7/15)             Temple (0/1) D:6

Altars:
Elyvilon
Gozag
Kikubaaqudgha
Nemelex Xobeh
Okawaru
Qazlal
Ru
Vehumet
Yredelemnul

Shops:
D:7 [

Annotations:
D:7 Joseph


Innate Abilities, Weirdness & Mutations

Your body is rotting away.
You thrive by killing the living.
You are immune to poison.
You have sharp fingernails.
Your flesh is cold resistant. (rC+)
You are immune to negative energy. (rN+++)
You do not regenerate when monsters are visible.
You are immune to unholy pain and torment.
You can survive without breathing.


Message History

You are too injured to fight recklessly!
You are too injured to fight recklessly!
You are too injured to fight recklessly!
You are too injured to fight recklessly!
You are too injured to fight recklessly!
You are too injured to fight recklessly!
You are too injured to fight recklessly!
You are too injured to fight recklessly!
You are too injured to fight recklessly!
You are too injured to fight recklessly!
You are too injured to fight recklessly!
You are too injured to fight recklessly!
You are too injured to fight recklessly!
You are too injured to fight recklessly!
You are too injured to fight recklessly!
Unknown command.
You barely miss Joseph.
Joseph hits you with a +0 quarterstaff!!
You die...
Your body crumbles into a pile of gold.

.....# ###.#
###..###..)##
#..##...... .#
#####..#....... ...
#.............. ....
..###..#....... #...
#..##.....#
.##...######
#..###...##
......@@...# #..#
##.##
......####.###..####.#
#####................#
#...........######
#...########## ... #.
#


You could see Joseph (berserk).

Vanquished Creatures
  Pikel (D:7)
  Sigmund (D:4)
  A hornet zombie (D:6)
  A sky beast (D:5)
  A black bear (D:6)
  2 ice beasts (D:6)
  6 ogres
  A centaur (D:7)
  A big kobold (D:4)
  2 lemures (D:7)
  A bullfrog (D:7)
  A wyvern skeleton (D:6)
  A scorpion (D:4)
  2 vampire bats (D:3)
  A hound (D:6)
  A quasit (D:6)
  A bullfrog zombie (D:7)
  Crazy Yiuf (D:3)
  2 orc priests
  A centaur skeleton (D:4)
  Jessica (D:3)
  An iguana (D:6)
  3 orc wizards
  7 worker ants
  Robin (D:3)
  3 gnolls (D:6)
  7 adders
  3 shadow imps (D:5)
  A white imp (D:6)
  2 ufetubi
  2 oozes (D:2)
  An adder skeleton (D:7)
  3 dart slugs (D:2)
  5 leopard geckos
  7 orcs
  5 bat skeletons (D:3)
  A bat zombie (D:3)
  A giant cockroach (D:7)
  11 hobgoblins
  16 jackals
  11 kobolds
  4 quokkas
  A ball python (D:2)
  6 bats
  10 frilled lizards
  16 goblins
  8 rats
166 creatures vanquished.

Vanquished Creatures (others)
  4 plants (D:3)
4 creatures vanquished.

Grand Total: 170 creatures vanquished

Notes
Turn   | Place    | Note
-------+----------+-------------------------------------------
     0 | D:1      | droidtality the Ghoul Fighter began the quest for the Orb.
     0 | D:1      | Reached XP level 1. HP: 19/19 MP: 0/0
    52 | D:1      | Reached skill level 2 in Axes
   266 | D:1      | Reached XP level 2. HP: 26/26 MP: 1/1
   751 | D:1      | Reached skill level 3 in Axes
   883 | D:1      | Reached XP level 3. HP: 31/31 MP: 2/2
  1323 | D:2      | Reached XP level 4. HP: 38/38 MP: 3/3
  1330 | D:2      | Reached skill level 4 in Axes
  1396 | D:2      | Found a sacrificial altar of Ru.
  1577 | D:2      | Found a white marble altar of Elyvilon.
  1603 | D:2      | Found a stormy altar of Qazlal.
  1876 | D:3      | Found a radiant altar of Vehumet.
  1887 | D:3      | You fall into a shaft and drop 1 floor!
  1910 | D:4      | Reached XP level 5. HP: 42/45 MP: 4/4
  1927 | D:4      | Noticed an ogre
  1935 | D:4      | Killed an ogre
  1935 | D:4      | Reached skill level 5 in Axes
  2063 | D:4      | Reached XP level 6. HP: 51/51 MP: 5/5
  2159 | D:3      | Noticed Robin
  2184 | D:3      | Killed Robin
  2215 | D:3      | Reached skill level 6 in Axes
  2247 | D:3      | Found an ancient bone altar of Kikubaaqudgha.
  2304 | D:3      | Noticed Jessica
  2322 | D:3      | Killed Jessica
  2347 | D:3      | Noticed an orc warrior
  2655 | D:3      | Found a runed translucent door.
  2656 | D:3      | Noticed Crazy Yiuf
  2663 | D:3      | Killed Crazy Yiuf
  2718 | D:4      | Reached XP level 7. HP: 40/57 MP: 6/6
  2848 | D:4      | Reached skill level 7 in Axes
  3522 | D:4      | Noticed Sigmund
  3540 | D:4      | Killed Sigmund
  3540 | D:4      | Reached skill level 8 in Axes
  3720 | D:4      | Reached XP level 8. HP: 59/63 MP: 7/7
  3981 | D:5      | Entered Level 5 of the Dungeon
  4113 | D:5      | Found an iron altar of Okawaru.
  4157 | D:5      | Found a basalt altar of Yredelemnul.
  4157 | D:5      | Found an opulent altar of Gozag.
  4163 | D:5      | Found a sparkling altar of Nemelex Xobeh.
  4166 | D:5      | Became a worshipper of Gozag Ym Sagoz the Greedy
  4169 | D:5      | Found a faded altar of an unknown god.
  4171 | D:5      | Found a faded altar of an unknown god.
  4309 | D:5      | Reached skill level 9 in Axes
  4553 | D:6      | Got a transparent ring mail
  4555 | D:6      | Identified the cursed +1 ring mail of the Playwright {rC-
                  | MR++ Str-5 Int+3} (You found it on level 6 of the Dungeon)
  4987 | D:6      | Reached skill level 10 in Axes
  5208 | D:6      | Reached XP level 9. HP: 36/70 MP: 8/8
  5503 | D:6      | Found a staircase to the Ecumenical Temple.
  6022 | D:7      | Found Koataros's Antique Armour Emporium.
  6232 | D:7      | Reached skill level 11 in Axes
  6275 | D:7      | Noticed Pikel
  6287 | D:7      | Killed Pikel
  6376 | D:7      | Noticed Joseph
  6381 | D:7      | Slain by Joseph

Illustrated notes

Levels and vault maps discovered:
D:1:      saegor_arrival_simple_b, layout_loops_ring
D:2:      minmay_recursive_quarters, layout_basic, lemuel_round_altar,
          lemuel_doored_altar, nicolae_qazlal_general_emergency
D:3:      layout_rooms, vehumet_crystals, old_standard_altar,
          kennysheep_vampire_church, kennysheep_small_spiral,
          minmay_lizard_king, uniq_robin, uniq_crazy_yiuf_cottage, uniq_jessica
D:4:      cheibrodos_thug_alley, layout_gridville, uniq_sigmund
D:5:      kennysheep_steamy, layout_rooms, chequers_temple_overflow_minitemple,
          okawaru_ov_weapons_minmay, serial_park_tiny_1
D:6:      layout_loops_corners, minmay_temple_entry_ruins, minivault_5,
          minmay_increasing_density
D:7:      layout_loops_ring, cheibriados_altar_1, serial_shops,
          nicolae_shop_stone, uniq_menkaure, uniq_pikel, uniq_joseph

Skill      XL: |  1  2  3  4  5  6  7  8  9 |
---------------+----------------------------+-----
Axes           | 2 3 4 5 6 8 10 11 | 11.8
Fighting       | |  3.2
Armour         | |  2.6
Shields        | |  2.6

Action                   |  1- 3 |  4- 6 |  7- 9 || total
-------------------------+-------+-------+-------++-------
Melee: War axe           |   138 |   120 |   301 ||   559
  Use: Scroll            |       |     3 |     7 ||    10
Armor: Scale mail        |    28 |       |       ||    28
       Chain mail        |     9 |       |       ||     9
       Fire dragon scale |    47 |    89 |   148 ||   284
Dodge: Dodged            |    36 |    54 |    68 ||   158
Block: Kite shield       |    74 |    76 |   125 ||   275

Table legend: (Time is in decaauts)
 A = Elapsed time spent in this place.
 B = Non-inter-level travel time spent in this place.
 C = Inter-level travel time spent in this place.
 D = Time resting spent in this place.
 E = Time spent auto-exploring this place.
 F = Levels seen in this place.
 G = Mean time per level.
                   A        B        C        D        E       F      G
               +--------+--------+--------+--------+--------+-----+--------+
         Total |   6523 |   6015 |    508 |    568 |   4255 |   7 |  931.9 |
       Dungeon |   6523 |   6015 |    508 |    568 |   4255 |   7 |  931.9 |
               +--------+--------+--------+--------+--------+-----+--------+

Top non-repeatable levels by time:
     D:4: 1572 daAuts
     D:6: 1486 daAuts
     D:2: 1106 daAuts
     D:1: 1065 daAuts
     D:5: 510 daAuts
     D:7: 420 daAuts
     D:3: 361 daAuts
